 Dungeon Crawl Stone Soup version 0.29-a0-649-g45c230d69a (webtiles) character file.

Game seed: 14470479761132434378

7595 PentaManta the Marksspriggan (level 10, 0/46 HPs)
             Began as a Spriggan Hunter on June 21, 2022.
             Was an Initiate of Gozag.
             Slain by an acid dragon (6 damage)
             ... on level 9 of the Dungeon.
             The game lasted 00:13:16 (9133 turns).

PentaManta the Marksspriggan (Spriggan Hunter)      Turns: 9133, Time: 00:13:20

Health: 0/46       AC: -3    Str: 12    XL:     10   Next: 97%
Magic:  11/11      EV: 31    Int: 12    God:    Gozag
Gold:   729        SH:  0    Dex: 23    Spells: 9/9 levels left

rFire   . . .      SeeInvis +   D - +2 shortbow (freeze)
rCold   + . .      Faith    .   (shield currently unavailable)
rNeg    . . .      Spirit   .   F - +0 steam dragon scales
rPois   .          Reflect  .   (helmet restricted)
rElec   .          Harm     .   (no cloak)
rCorr   .          Rampage  .   (gloves unavailable)
Will    ++...                   (boots unavailable)
Stlth   ++........              (no amulet)
HPRegen 0.15/turn               q - ring of Wu Jian's Hope {rC+ Will+ Str+5 Int-5 SInv}
MPRegen 0.12/turn               m - +6 ring of intelligence

@: corroded, very quick
A: very small, no large weapons, unfitting armour, see invisible, speed 3
a: Renounce Religion, Potion Petition, Call Merchant, Bribe Branch


You were on level 9 of the Dungeon.
You worshipped Gozag.
Gozag was pleased with you.
You visited 2 branches of the dungeon, and saw 10 of its levels.

You collected 1050 gold pieces.
You paid 321 gold pieces to Gozag.

Inventory:

Hand Weapons
 D - a +2 shortbow of freezing (weapon)
Missiles
 s - a throwing net
Armour
 a - a +2 buckler
 r - a +1 robe of willpower
 F - +0 steam dragon scales (worn)
 G - the +1 robe of Lies {rF+ rC+}
   (You found it on level 7 of the Dungeon)

   rF:        It protects you from fire.
   rC:        It protects you from cold.
 K - the +1 robe of Somewhere Else {+Blink Will- Dex+8}
   (You found it on level 8 of the Dungeon)

   Dex:       It affects your dexterity (+8).
   +Blink:    It lets you blink.
   Will:      It decreases your willpower.
Jewellery
 i - a ring of magical power
 m - a +6 ring of intelligence (right hand)
 q - the ring of Wu Jian's Hope (left hand) {rC+ Will+ Str+5 Int-5 SInv}
   (You found it on level 3 of the Dungeon)

   [ring of willpower]

   Str:       It affects your strength (+5).
   Int:       It affects your intelligence (-5).
   rC:        It protects you from cold.
   SInv:      It lets you see invisible.
   Will:      It increases your willpower.
 t - a ring of protection from cold
 u - a ring of ice
 x - a ring of ice
 J - a +4 ring of evasion
Wands
 b - a wand of charming (6)
Scrolls
 c - a scroll of immolation
 d - a scroll of noise
 f - 2 scrolls of fear {unknown}
 h - 8 scrolls of identify {unknown}
 j - 4 scrolls of magic mapping {unknown}
 k - a scroll of acquirement {unknown}
 l - 5 scrolls of blinking {unknown}
 n - 3 scrolls of poison {unknown}
 v - a scroll of fog {unknown}
 y - a scroll of enchant weapon {unknown}
 B - a scroll of vulnerability {unknown}
 C - a scroll of teleportation {unknown}
 E - 3 scrolls of enchant armour {unknown}
Potions
 e - a potion of brilliance
 g - 2 potions of attraction {unknown}
 o - a potion of haste
 p - 2 potions of resistance {unknown}
 w - 2 potions of cancellation {unknown}
 z - 4 potions of berserk rage {unknown}
 A - a potion of mutation {unknown}
 H - a potion of lignification {unknown}
 I - 3 potions of degeneration {unknown}


   Skills:
 - Level 1.5 Fighting
 + Level 15.9 Bows
 + Level 14.2 Dodging
 - Level 1.5 Stealth


You had 9 spell levels left.
You didn't know any spells.
Your spell library contained the following spells:

 Spells                   Type           Power      Damage    Failure   Level
 Apportation              Tloc           0%         N/A       32%         1
 Beastly Appendage        Tmut           0%         N/A       32%         1
 Sandblast                Erth           0%         2d4       32%         1
 Passwall                 Tmut/Erth      0%         N/A       45%         2
 Wereblood                Tmut           0%         N/A       45%         2
 Spider Form              Tmut/Pois      0%         N/A       69%         3
 Stone Arrow              Conj/Erth      0%         3d7       69%         3
 Alistair's Intoxication  Tmut/Pois      0%         N/A       100%        5
 Iskenderun's Battlesphe  Conj           0%         2d6       100%        5
 Iron Shot                Conj/Erth      0%         9d1       100%        6
 Spellforged Servitor     Conj/Summ      0%         N/A       100%        7


Dungeon Overview and Level Annotations

Branches:
Dungeon (9/15)             Temple (1/1) D:7            Lair (0/6) D:8
    Orc: D:9-12

Altars:
Ashenzari
Cheibriados
Dithmenos
Elyvilon
Fedhas
Gozag
Hepliaklqana
Kikubaaqudgha
Makhleb
Nemelex Xobeh
Okawaru
Qazlal
Ru
Sif Muna
Trog
Uskayaw
Vehumet
Wu Jian
Xom
Yredelemnul
Zin
The Shining One

Shops:
D:4 [


Innate Abilities, Weirdness & Mutations

You are very small and have problems with some larger weapons.
You are too small for most types of armour.
You have supernaturally acute eyesight. (SInv)
You cover ground extremely quickly. (Speed+++)


Message History

The acid dragon closely misses you. The acid dragon barely misses you.
Shoot: D) +2 shortbow (freeze)
Press: ? - help, Q - select action, (/) - cycle Shift-Dir - straight line, f/p - acid dragon
Aim: an acid dragon (heavily wounded, 71% to hit)
You shoot an arrow.
The arrow barely misses the acid dragon.
The acid dragon misses you. x2
Shoot: D) +2 shortbow (freeze)
Press: ? - help, Q - select action, (/) - cycle Shift-Dir - straight line, f/p - acid dragon
Aim: an acid dragon (heavily wounded, 71% to hit)
You shoot an arrow. The arrow hits the acid dragon.
The arrow freezes the acid dragon.
The acid dragon is heavily wounded.
The acid dragon spits acid at you. The splash of acid hits you!
* * * LOW HITPOINT WARNING * * *
The acid corrodes you!
Unknown command.
Shoot: D) +2 shortbow (freeze)
Press: ? - help, Q - select action, (/) - cycle Shift-Dir - straight line, f/p - acid dragon
Aim: an acid dragon (heavily wounded, catching its breath, 71% to hit)
You shoot an arrow.
The arrow hits the acid dragon but does no damage.
The acid dragon is heavily wounded.
Unknown command.
That's the wrong kind of item! (Use * to select it.) Evoke which item? (* to show all) (? for menu, Esc to quit)
Okay, then.
Aiming: Charm
Press: ? - help, Shift-Dir - straight line, f/p - acid dragon
Aim: an acid dragon (heavily wounded, catching its breath, chance to affect: 49%)
The acid dragon resists with some effort.
The acid dragon completely misses you. x2
Aiming: Charm
Press: ? - help, Shift-Dir - straight line, f/p - acid dragon
Aim: an acid dragon (heavily wounded, catching its breath, chance to affect: 49%)
The acid dragon resists with some effort.
The acid dragon bites you.
You die...
Your body crumbles into a pile of gold.

###+####...................######
.#.(...#...................#
.#.....#...................#
.#.....#...................#
##'#####...................#
............#+##.)..########
............#..#....#
............#..#....#
............#..D@...#
............####....#
....##########......#
##'##..>.....+......#
....#........#......#
....#........#......#
#.###.###.##+#......#
..###.###+#....######
..........#....'#


You could see an acid dragon (catching breath).

Vanquished Creatures
  An ugly thing (D:8)
  3 trolls
  A hornet (D:9)
  A slime creature (D:9)
  Sigmund (D:2)
  2 wyverns (D:8)
  6 yaks
  Eustachio (D:6)
  A steam dragon (D:7)
  3 water moccasins
  3 orc warriors
  3 sky beasts
  2 black bears
  2 ogres (D:6)
  3 wolves (D:8)
  6 centaurs
  A phantom (D:6)
  2 kobold brigands
  2 bullfrogs
  3 necrophages
  4 scorpions
  5 wights (D:7)
  14 killer bees
  2 electric eels (D:8)
  2 quasits (D:5)
  2 orc priests
  9 hounds
  3 jellies
  3 orc wizards
  Natasha (thrice) (D:3)
  3 iguanas
  12 gnolls
  8 adders
  3 shadow imps
  3 white imps
  An ufetubus (D:5)
  A worm (D:3)
  15 orcs
  11 bats
  11 endoplasms
  2 giant cockroaches
  4 goblins
  4 hobgoblins
  2 jackals (D:4)
  2 quokkas
  11 ball pythons
  11 kobolds
  3 rats
201 creatures vanquished.

Vanquished Creatures (others)
  2 demonic plants (D:5)
2 creatures vanquished.

Grand Total: 203 creatures vanquished

Notes
Turn   | Place    | Note
-------+----------+-------------------------------------------
     0 | D:1      | PentaManta the Spriggan Hunter began the quest for the Orb.
     0 | D:1      | Reached XP level 1. HP: 10/10 MP: 2/2
    32 | D:1      | Found a faded altar of an unknown god.
    39 | D:1      | Reached skill level 5 in Bows
   223 | D:1      | Reached XP level 2. HP: 14/14 MP: 3/3
   833 | D:2      | Reached skill level 6 in Bows
   833 | D:2      | Reached XP level 3. HP: 17/18 MP: 4/4
   952 | D:2      | Noticed Sigmund
   968 | D:2      | Killed Sigmund
   969 | D:2      | Reached skill level 8 in Bows
   969 | D:2      | Reached XP level 4. HP: 22/22 MP: 5/5
   969 | D:2      | Reached XP level 5. HP: 25/25 MP: 6/6
  1337 | D:3      | Identified the ring of Wu Jian's Hope {rC+ Will+ Str+5
                  | Int-5 SInv}
  1459 | D:3      | Found a shimmering altar of Xom.
  1557 | D:3      | Noticed Natasha
  1563 | D:3      | Killed Natasha
  1634 | D:3      | Reached XP level 6. HP: 30/30 MP: 7/7
  1780 | D:3      | Reached skill level 9 in Bows
  1824 | D:3      | Noticed Natasha
  1827 | D:3      | Killed Natasha
  1992 | D:3      | Found a shimmering altar of Xom.
  2098 | D:3      | Noticed Natasha
  2102 | D:3      | Killed Natasha
  3012 | D:4      | Reached skill level 10 in Bows
  3056 | D:4      | Reached XP level 7. HP: 33/33 MP: 8/8
  3080 | D:4      | Found Lidiu's Antique Armour Shop.
  3239 | D:5      | Entered Level 5 of the Dungeon
  3716 | D:5      | Reached skill level 5 in Dodging
  4018 | D:5      | Reached skill level 11 in Bows
  4018 | D:5      | Reached XP level 8. HP: 37/37 MP: 9/9
  4995 | D:6      | Reached skill level 12 in Bows
  5006 | D:6      | Noticed Eustachio
  5130 | D:6      | Killed Eustachio
  5394 | D:6      | Reached XP level 9. HP: 41/41 MP: 10/10
  5750 | D:7      | Identified the +1 robe of Lies {rF+ rC+}
  6007 | D:7      | Reached skill level 13 in Bows
  6275 | D:7      | Reached skill level 10 in Dodging
  6507 | D:7      | Found a staircase to the Ecumenical Temple.
  6561 | Temple   | Entered the Ecumenical Temple
  6584 | Temple   | Became a worshipper of Gozag Ym Sagoz the Greedy
  7137 | D:8      | Reached skill level 14 in Bows
  7174 | D:8      | Reached XP level 10. HP: 46/46 MP: 11/11
  7307 | D:8      | Found a staircase to the Lair.
  7597 | D:8      | Noticed a white ugly thing
  7664 | D:8      | Killed a white ugly thing
  7665 | D:8      | Reached skill level 15 in Bows
  7994 | D:8      | Identified the +1 robe of Somewhere Else {+Blink Will-
                  | Dex+8}
  8366 | D:9      | HP: 2/46 [poisoned by a killer bee]
  9133 | D:9      | Slain by an acid dragon

Illustrated notes

Levels and vault maps discovered:
D:1:      dpeg_arrival_renting, layout_basic, chequers_ecumenical_altar_simple,
          chequers_serial_rivers_micro_d, minmay_crystal_room
D:2:      layout_rooms, uniq_sigmund
D:3:      minmay_skewed_foursquare, layout_loops_ring, xom_teletrap_fun,
          st_stairs_8, uniq_natasha
D:4:      layout_rooms, serial_shops, nicolae_shop_trees, serial_park_tiny_2
D:5:      layout_basic, serial_demonic, serial_demonic_b, serial_demonic_a,
          serial_demonic_f, serial_demonic_a
D:6:      layout_loops_cross, uniq_eustachio
D:7:      layout_loops_cross, minmay_temple_entry_drinking_statues
D:8:      minmay_chambers_of_fours, layout_cave_pools, erik_lair_island,
          kennysheep_generic_room_3
D:9:      layout_gridville, kennysheep_kite_vault
Temple:   compressed_dpeg_circular_temple

Skill      XL: |  1  2  3  4  5  6  7  8  9 10 |
---------------+-------------------------------+-----
Bows           | 5 6 8 10 11 12 14 15 | 15.9
Dodging        | 3 5 9 11 14 | 14.2
Fighting       | |  1.5
Stealth        | |  1.5

Action                   |  1- 3 |  4- 6 |  7- 9 | 10-12 || total
-------------------------+-------+-------+-------+-------++-------
 Fire: Shortbow          |    72 |   122 |   386 |   217 ||   797
Invok: Potion Petition   |       |       |       |     1 ||     1
Evoke: Wand              |       |       |       |     2 ||     2
  Use: Potion            |       |       |     4 |     1 ||     5
       Scroll            |       |       |     1 |       ||     1
Armor: Robe              |     1 |     2 |     4 |       ||     7
       Steam dragon scal |       |       |     5 |     6 ||    11
Dodge: Dodged            |    19 |    31 |   184 |    82 ||   316

Table legend: (Time is in decaauts)
 A = Elapsed time spent in this place.
 B = Non-inter-level travel time spent in this place.
 C = Inter-level travel time spent in this place.
 D = Time resting spent in this place.
 E = Time spent auto-exploring this place.
 F = Levels seen in this place.
 G = Mean time per level.
                   A        B        C        D        E       F      G
               +--------+--------+--------+--------+--------+-----+--------+
         Total |   6704 |   6481 |    223 |    530 |   4752 |  10 |  670.4 |
       Dungeon |   6652 |   6434 |    218 |    530 |   4720 |   9 |  739.1 |
        Temple |     52 |     48 |      4 |      0 |     32 |   1 |   52.0 |
               +--------+--------+--------+--------+--------+-----+--------+

Top non-repeatable levels by time:
     D:3: 946 daAuts
     D:7: 943 daAuts
     D:6: 921 daAuts
     D:5: 878 daAuts
     D:9: 849 daAuts
     D:4: 658 daAuts
     D:8: 658 daAuts
     D:1: 498 daAuts
     D:2: 298 daAuts
  Temple: 52 daAuts
